 Dungeon Crawl Stone Soup version 0.19-a0-1071-g4ed3155 (webtiles) character file.

4547 mistymad the Cleaver (level 10, -1/92 HPs)
             Began as a Deep Dwarf Gladiator on Aug 5, 2016.
             Was a Believer of Pakellas.
             Killed from afar by Erica (25 damage)
             ... with a wand of acid
             ... on level 8 of the Dungeon.
             The game lasted 00:42:46 (8100 turns).

mistymad the Cleaver (Deep Dwarf Gladiator)         Turns: 8100, Time: 00:42:47

Health: -1/92      AC: 15    Str: 22    XL:     10   Next: 17%
Magic:  6/10       EV: 12    Int:  9    God:    Pakellas [**....]
Gold:   524        SH:  0    Dex: 21    Spells: 3 memorised, 4 levels left

rFire  x . .     SeeInvis .     J - +1 battleaxe (vamp)
rCold  . . .     Gourm    .     C - +0 plate armour
rNeg   + . .     Faith    .     (shield currently unavailable)
rPois  .         Spirit   .     c - +1 helmet
rElec  .         Dismiss  .     (no cloak)
rCorr  .         Reflect  .     (no gloves)
SustAt +         Harm     .     (no boots)
MR     ++...                    (no amulet)
Stlth  ..........               A - ring "Nopiar" {SustAt rF- rN+ Dex+8 Stlth+}
                                r - ring of protection from magic

@: lethally poisoned (-1 -> -4), non-regenerating
A: damage resistance, recharge devices, sense surroundings 2, slow regeneration
3
a: Device Recharging, Quick Charge, Renounce Religion


You were on level 8 of the Dungeon.
You worshipped Pakellas.
Pakellas was pleased with you.
You were not hungry.

You visited 2 branches of the dungeon, and saw 10 of its levels.

You collected 524 gold pieces.

Inventory:

Hand Weapons
 y - the +12 hand crossbow "Giant's Death" {venom, rC+ Int+4 Dex+3}
   (You found it on level 5 of the Dungeon)

   It poisons the ammo it fires.
   It affects your intelligence (+4).
   It affects your dexterity (+3).
   It protects you from cold.
 J - a +1 vampiric battleaxe (weapon)
Missiles
 h - 45 sling bullets
 K - 8 curare-tipped needles
Armour
 c - a +1 helmet (worn)
 C - a +0 plate armour (worn)
 H - a +0 buckler
Jewellery
 r - a ring of protection from magic (left hand)
 A - the ring "Nopiar" (right hand) {SustAt rF- rN+ Dex+8 Stlth+}
   (You took it off a centaur on level 7 of the Dungeon)

   [ring of sustain attributes]

   It sustains your strength, intelligence and dexterity.
   It affects your dexterity (+8).
   It makes you vulnerable to fire.
   It protects you from negative energy.
   It makes you more stealthy.
Wands
 e - a wand of heal wounds (0/9)
 g - a wand of confusion (15/48)
 z - a wand of disintegration (16/24)
 E - a wand of random effects (9/48)
 G - a wand of polymorph (12/24)
 L - a wand of flame (9/48)
Scrolls
 b - a scroll of enchant weapon
 o - a scroll of recharging
 q - 2 scrolls of enchant armour
 s - 4 scrolls of remove curse
 w - a scroll of fog
 I - a scroll of magic mapping {unknown}
 Q - a scroll of blinking {unknown}
 R - a scroll of teleportation
Potions
 a - a potion of curing
 k - 5 potions of cancellation
 l - 2 potions of cure mutation {unknown}
 m - a potion of degeneration {unknown}
 p - a potion of lignification {unknown}
 t - 2 potions of haste {unknown}
 v - a potion of flight {unknown}
 B - a potion of magic {unknown}
 F - a potion of beneficial mutation {unknown}
 N - a potion of resistance {unknown}
 P - a potion of agility {unknown}
Books
 x - a book of Spatial Translocations

   Spells                             Type                      Level
   a - Apportation                    Translocation                1
   b - Blink                          Translocation                2
   c - Shroud of Golubria             Charms/Translocation         2
   d - Portal Projectile              Translocation                3
   e - Teleport Other                 Translocation                3
   f - Passage of Golubria            Translocation                4
 D - a book of Geomancy

   Spells                             Type                      Level
   a - Sandblast                      Earth                        1
   b - Passwall                       Transmutation/Earth          2
   c - Stone Arrow                    Conjuration/Earth            3
   d - Petrify                        Transmutation/Earth          4
   e - Lee's Rapid Deconstruction     Earth                        5
 O - a book of Enchantments

   Spells                             Type                      Level
   a - Cause Fear                     Hexes                        4
   b - Yara's Violent Unravelling     Hexes/Transmutation          5
   c - Silence                        Hexes/Air                    5
   d - Deflect Missiles               Charms/Air                   6
   e - Haste                          Charms                       6
   f - Discord                        Hexes                        8
Miscellaneous
 M - a sack of spiders
Comestibles
 f - 8 bread rations
 i - 4 beef jerkies
 j - 3 royal jellies
 u - 2 meat rations


   Skills:
 + Level 6.8 Fighting
 + Level 8.8 Axes
 - Level 1.7 Throwing
 + Level 7.7 Armour
 + Level 8.7 Dodging
 - Level 1.0 Shields
 + Level 3.7 Evocations


You had 4 spell levels left.
You knew the following spells:

 Your Spells              Type           Power        Failure   Level  Hunger
a - Apportation           Tloc           #.........   100%        1    ##.....
b - Blink                 Tloc           N/A          100%        2    ###....
c - Passwall              Tmut/Erth      #.........   100%        2    ###....


Dungeon Overview and Level Annotations

Branches:
Dungeon (9/15)             Temple (1/1) D:7             Orc (0/2) D:9
   Lair: D:8-11

Altars:
Ashenzari
Cheibriados
Dithmenos
Elyvilon
Fedhas
Gozag
Hepliaklqana
Kikubaaqudgha
Makhleb
Nemelex Xobeh
Okawaru
Pakellas
Qazlal
Ru
Sif Muna
Trog
Uskayaw
Vehumet
Xom
Yredelemnul
Zin
The Shining One

Annotations:
D:5 Edmund, Grinder, Prince Ribbit
D:7 Menkaure
D:8 Erica


Innate Abilities, Weirdness & Mutations

You are resistant to damage.
You can recharge devices by infusing magical energy.
You passively map the area around you.
You do not regenerate naturally.


Message History

You closely miss something. Something hits you but does no damage.
You slash something!
You feel better. Something hits you but does no damage.
You regained 12 hp, and now have 56/92 hp.
You closely miss something.
You hear some strange, mumbled words.
A bolt of poison appears from out of thin air!
The bolt of poison hits you!
You are more poisoned.
You take 13 damage, and have 43/92 hp.
You miss something.
You feel very sick.
You hear some strange, mumbled words.
An orb of energy appears from out of thin air!
The orb of energy hits you!
* * * LOW HITPOINT WARNING * * *
You hear a zap.
A bolt of acid appears from out of thin air!
The bolt of acid hits you!
You die...
Pakellas says: Back to the drawing board!

### #
#.###################
#...................'
#>.........(.##.....#
#....#######.##.....#
####@# #..##+####
####.# ##)##.# *
#....# #.)#.#
,,#.#### ##.#.# #
#......# #.#.####
#...((#.#* * *
#.....). #.##.##...
##...### # #., ... ,*
#...# # * *## * .....
#...# #


There were no monsters in sight!

Vanquished Creatures
  The ghost of aronpayne the Skirmisher, a novice HuFi (D:6)
  Joseph (D:7)
  4 yaks (D:9)
  A hippogriff (D:7)
  Duvessa (D:5)
  A water moccasin (D:8)
  An orc warrior (D:9)
  2 phantoms
  5 centaurs
  A crocodile (D:9)
  A big kobold (D:8)
  A giant frog (D:7)
  Dowan (D:5)
  A wyvern skeleton (D:9)
  A scorpion (D:6)
  14 killer bees
  4 howler monkeys
  3 crimson imps
  A centaur zombie (D:8)
  A giant frog zombie (D:7)
  A giant frog skeleton (D:5)
  A hound (D:7)
  2 jellies
  4 orc priests
  3 iguanas
  8 orc wizards
  3 worker ants
  A killer bee zombie (D:9)
  A worker ant zombie (D:9)
  4 gnolls (D:4)
  7 adders
  3 oozes
  2 adder zombies (D:6)
  2 adder skeletons (D:4)
  4 dart slugs
  2 worms (D:3)
  7 giant geckos
  34 orcs
  3 ball pythons
  9 giant cockroaches
  6 goblins
  5 hobgoblins
  10 jackals
  6 kobolds
  6 quokkas
  6 bats
  3 giant newts
  6 rats
  4 plants (D:4)
199 creatures vanquished.

Vanquished Creatures (others)
  A water moccasin zombie (D:8)
  A kobold (D:8)
  A plant (D:4)
3 creatures vanquished.

Grand Total: 202 creatures vanquished

Notes
Turn   | Place    | Note
-------+----------+-------------------------------------------
     0 | D:1      | mistymad the Deep Dwarf Gladiator began the quest for the Orb.
     0 | D:1      | Reached XP level 1. HP: 19/19 MP: 1/1
   108 | D:1      | Reached XP level 2. HP: 17/26 MP: 2/2
   566 | D:2      | Found a bloodstained altar of Trog.
   858 | D:2      | Reached XP level 3. HP: 14/32 MP: 3/3
   999 | D:2      | Reached skill level 1 in Armour
  1043 | D:2      | murphy: oh u already won your conj
  1045 | D:2      | murphy: 15 runes
  1052 | D:2      | murphy: awesome
  1052 | D:2      | mistymad: y.
  1052 | D:2      | murphy: great job
  1052 | D:2      | mistymad: at night =)
  1052 | D:2      | murphy: wow
  1052 | D:2      | mistymad: its realy easy... when u still alive and learn some glacite XD
  1052 | D:2      | mistymad: but spider nest. moth. shoals realy hard X_X
  1169 | D:3      | Reached XP level 4. HP: 39/40 MP: 4/4
  1364 | D:3      | Found a stormy altar of Qazlal.
  1585 | D:3      | Reached XP level 5. HP: 25/46 MP: 5/5
  2018 | D:4      | Reached XP level 6. HP: 29/56 MP: 6/6
  2153 | D:4      | Found a shattered altar of Ashenzari.
  2161 | D:4      | Reached skill level 5 in Dodging
  2207 | D:4      | murphy: pakellas is worse if u wanna go heavy on spells
  2207 | D:4      | murphy: but really good otherwise
  2207 | D:4      | murphy: evocations
  2207 | D:4      | murphy: good for DD
  2207 | D:4      | murphy: i played a DD of Pakelllas and it weant very good for me
  2207 | D:4      | murphy: but Makleb is good too
  2207 | D:4      | mistymad: im only meele ... and i dont know XD
  2207 | D:4      | murphy: the difference is how they heal
  2207 | D:4      | murphy: both give good healing
  2207 | D:4      | murphy: makleb gives more vs weak enemies
  2207 | D:4      | mistymad: maybe im choice it iin temple =)
  2207 | D:4      | murphy: pakellas gives good healing if u are on the flee
  2207 | D:4      | mistymad: and ssome misc. box of beasts and rods
  2207 | D:4      | murphy: yes ofc
  2207 | D:4      | murphy: but makleb gives invocations too
  2207 | D:4      | murphy: no real difference i think
  2207 | D:4      | mistymad: healyng wands more powerfull whith high evo?
  2207 | D:4      | murphy: with pakellas u will be very hard to kill
  2207 | D:4      | murphy: nope
  2207 | D:4      | murphy: i my first 15 runes was DD of pakellas
  2207 | D:4      | murphy: i cleared tomb first time
  2207 | D:4      | murphy: and all i ahd was a sword of draining
  2207 | D:4      | murphy: XD
  2207 | D:4      | murphy: i took me very long to kill stuff
  2207 | D:4      | murphy: but i had so good def
  2207 | D:4      | mistymad: hm.. meybe im try to) and makhleb rest to next archmage of ziggurats XD
  2207 | D:4      | murphy: and great healing
  2306 | D:4      | mistymad: ty =)
  2357 | D:4      | Found an iron altar of Okawaru.
  2705 | D:4      | Reached skill level 5 in Axes
  3223 | D:4      | Found an iron altar of Okawaru.
  3258 | D:5      | Entered Level 5 of the Dungeon
  3417 | D:5      | Noticed Edmund
  3565 | D:5      | Noticed Dowan
  3566 | D:5      | Noticed Duvessa
  3655 | D:5      | Found a shattered altar of Ashenzari.
  3702 | D:5      | Noticed Grinder
  3729 | D:5      | Paralysed by Grinder for 4 turns
  3769 | D:4      | Reached XP level 7. HP: 21/62 MP: 7/7
  3880 | D:5      | Killed Duvessa
  3895 | D:5      | Killed Dowan
  4092 | D:6      | Found a burning altar of Makhleb.
  4101 | D:6      | Found a hazy altar of Hepliaklqana.
  4101 | D:6      | Found an ancient bone altar of Kikubaaqudgha.
  4104 | D:6      | Found a sparkling altar of Nemelex Xobeh.
  4224 | D:6      | Noticed aronpayne's ghost (novice HuFi)
  4411 | D:5      | Got an encrusted hand crossbow
  4415 | D:5      | Identified the +12 hand crossbow "Giant's Death" {venom, rC+ Int+4 Dex+3} (You found it on level 5 of the Dungeon)
  4650 | D:7      | Found a white marble altar of Elyvilon.
  4727 | D:7      | Noticed Joseph
  4862 | D:7      | Reached XP level 8. HP: 15/73 MP: 8/8
  5334 | D:7      | Found a glowing golden altar of the Shining One.
  5377 | D:7      | Reached skill level 5 in Armour
  5396 | D:7      | Found a shadowy altar of Dithmenos.
  5407 | D:7      | Found a sacrificial altar of Ru.
  5651 | D:7      | Killed Joseph
  5651 | D:7      | Reached skill level 5 in Fighting
  5751 | D:7      | Learned a level 1 spell: Apportation
  5754 | D:7      | Learned a level 2 spell: Blink
  5756 | D:7      | Got a bound lapis lazuli ring
  5759 | D:7      | Identified the ring "Nopiar" {SustAt rF- rN+ Dex+8 Stlth+} (You took it off a centaur on level 7 of the Dungeon)
  5793 | D:7      | Noticed Menkaure
  5815 | D:7      | Found a staircase to the Ecumenical Temple.
  5828 | Temple   | Entered the Ecumenical Temple
  6079 | Temple   | Became a worshipper of Pakellas the Inventive
  6240 | D:6      | Killed aronpayne's ghost
  6240 | D:6      | Gained mutation: You passively map the area around you. [Deep Dwarf growth]
  6240 | D:6      | Reached XP level 9. HP: 42/82 MP: 8/8
  6311 | D:5      | Noticed Prince Ribbit
  6646 | D:8      | Got a crude long sword
  6647 | D:8      | Identified the +9 long sword of Infection {antimagic, rElec Str+4 Dex+3} (You found it on level 8 of the Dungeon)
  6825 | D:8      | Reached * piety under Pakellas
  6825 | D:8      | Received a gift from Pakellas
  7073 | D:8      | Noticed Erica
  7166 | D:9      | Found a staircase to the Orcish Mines.
  7270 | D:9      | Reached skill level 1 in Shields
  7270 | D:9      | Reached skill level 1 in Evocations
  7441 | D:9      | Learned a level 2 spell: Passwall
  7541 | D:9      | Reached ** piety under Pakellas
  7541 | D:9      | Received a gift from Pakellas
  7672 | D:9      | Reached XP level 10. HP: 88/92 MP: 8/10
  8100 | D:8      | Killed from afar by Erica

Vault maps used:
D:1:      lemuel_arrival_behind_the_door_large
D:2:      trog_three_pillars_becter
D:3:      nicolae_qazlal_general_emergency
D:4:      wad_woods_stonehenge, lemuel_round_altar, first_bread,
          okawaru_altar_gauntlet_db
D:5:      ashenzari_altar_1, uniq_duvessa, uniq_grinder, uniq_prince_ribbit1,
          uniq_edmund
D:6:      grunt_temple_overflow_open, enter_ossuary_2
D:7:      nicolae_overflow_quartered_altars, grunt_ogre_cave, uniq_joseph,
          uniq_menkaure
D:8:      led_sif_pool, uniq_erica
D:9:      orc_0_dummy, eino_jars
Temple:   oiseaux_autumnal_temple

Skill      XL: |  1  2  3  4  5  6  7  8  9 |
---------------+----------------------------+-----
Fighting       | 2 3 4 5 6 |  6.8
Dodging        | 4 5 6 7 8 |  8.7
Armour         | 1 2 3 4 6 7 |  7.7
Axes           | 4 5 6 7 8 |  8.8
Shields        | 1 |  1.0
Evocations     | 3 |  3.7
Throwing       | |  1.7

Action                   |  1- 3 |  4- 6 |  7- 9 | 10-12 || total
-------------------------+-------+-------+-------+-------++-------
Melee: War axe           |    78 |   363 |   315 |       ||   756
       Battleaxe         |       |       |    88 |    65 ||   153
       Long sword        |       |       |    37 |       ||    37
 Fire: Hunting sling     |     3 |       |       |       ||     3
Throw: Stone             |       |     6 |     2 |       ||     8
       Throwing net      |       |       |     5 |     1 ||     6
Invok: Quick Charge      |       |       |     1 |     1 ||     2
 Abil: Device Recharging |       |       |     2 |       ||     2
Evoke: Wand              |     1 |     7 |    15 |     3 ||    26
  Use: Scroll            |     4 |     5 |    10 |       ||    19
       Potion            |       |       |     7 |       ||     7
 Stab: Sleeping          |     1 |       |       |       ||     1
       Held in net/web   |       |       |     1 |       ||     1
  Eat: Chunk             |     1 |     8 |     6 |       ||    15
       Bread ration      |       |       |     1 |       ||     1
       Pizza             |       |       |     1 |       ||     1
       Fruit             |       |       |     5 |       ||     5
       Meat ration       |       |       |     1 |       ||     1
Armor: Leather armour    |    15 |       |       |       ||    15
       Chain mail        |    14 |   176 |   198 |       ||   388
       Plate armour      |       |       |   138 |    28 ||   166
Dodge: Dodged            |    40 |   171 |   394 |    44 ||   649
Block: Buckler           |       |       |     6 |       ||     6
